 Dungeon Crawl Stone Soup version 0.29.1-15-g9cfb28693d (webtiles) character file.

Game seed: 574903623305481553

2 promet the Magician (level 1, -2/10 HPs)
             Began as a Deep Elf Hedge Wizard on Mar 8, 2023.
             Slain by a quokka (4 damage)
             ... on level 1 of the Dungeon.
             The game lasted 00:00:29 (112 turns).

promet the Magician (Deep Elf Hedge Wizard)          Turns: 112, Time: 00:00:29

Health: -2/10      AC:  2    Str:  7    XL:     1   Next: 33%
Magic:  5/7        EV: 12    Int: 18    God:
Gold:   10         SH:  0    Dex: 14    Spells: 7/8 levels left

rFire   . . .      SeeInvis .   a - +0 dagger
rCold   . . .      Faith    .   (no shield)
rNeg    . . .      Spirit   .   b - +0 robe
rPois   .          Reflect  .   c - +0 hat
rElec   .          Harm     .   (no cloak)
rCorr   .          Rampage  .   (no gloves)
Will    .....                   (no boots)
Stlth   ++........              (no amulet)
HPRegen 0.03/turn               (no ring)
MPRegen 0.10/turn               (no ring)

@: no status effects
A: no striking features
a: no special abilities


You were on level 1 of the Dungeon.
You visited 1 branch of the dungeon, and saw 1 of its levels.

You collected 10 gold pieces.

Inventory:

Hand Weapons
 a - a +0 dagger (weapon)
Missiles
 e - 16 stones
Armour
 b - a +0 robe (worn)
 c - a +0 hat (worn)
Potions
 d - a potion of magic


   Skills:
 + Level 2.6 Dodging
 + Level 2.5 Stealth
 + Level 4.4 Spellcasting
 + Level 1.1 Conjurations
 + Level 1.1 Summonings
 + Level 1.1 Translocations


You had 7 spell levels left.
You knew the following spells:

 Your Spells              Type           Power      Damage    Failure   Level
a - Magic Dart            Conj           28%        1d4       9%          1

Your spell library contained the following spells:

 Spells                   Type           Power      Damage    Failure   Level
 Slow                     Hex            16%        N/A       14%         1
 Blink                    Tloc           14%        N/A       14%         2
 Call Imp                 Summ           7%         N/A       14%         2
 Conjure Flame            Conj/Fire      5%         6-21      34%         3
 Mephitic Cloud           Conj/Pois/Air  5%         N/A       36%         3
 Tukima's Dance           Hex            4%         N/A       38%         3
 Passage of Golubria      Tloc           7%         N/A       65%         4
 Yara's Violent Unravell  Hex/Tmut       2%         3d3       98%         5


Dungeon Overview and Level Annotations

Branches:
Dungeon (1/15)

Altars:


Message History

Magic restored.
A quokka and a rat come into view.
A goblin comes into view. It is wielding a +0 club.
The helpless rat fails to defend itself.
You puncture the rat!
You kill the rat!
A bat comes into view.
The quokka misses you.
The goblin shouts!
You barely miss the goblin.
The quokka bites you but does no damage.
The goblin barely misses you.
You barely miss the goblin. The quokka bites you.
The goblin completely misses you. The quokka attacks as you move away!
The quokka bites you. The bat hits you but does no damage.
The quokka bites you.
* * * LOW HITPOINT WARNING * * *
The bat attacks as you move away! The bat barely misses you.
The bat closely misses you.
Casting: Magic Dart (safe; 9% risk of failure)
Confirm with . or Enter, or press ? or * to list all spells.
Aiming: Magic Dart (safe; 9% risk of failure)
Press: ? - help, Shift-Dir - straight line, f - bat
Aim: a bat (100% to hit)
The magic dart hits the bat.
The bat is moderately wounded.
The bat closely misses you. The bat hits you but does no damage.
You miss the bat. The bat hits you.
* * * LOW HITPOINT WARNING * * *
You hit the bat.
The bat is moderately wounded.
The bat barely misses you.
Casting: Magic Dart (safe; 9% risk of failure)
Confirm with . or Enter, or press ? or * to list all spells.
Aiming: Magic Dart (safe; 9% risk of failure)
Press: ? - help, Shift-Dir - straight line, f/p - bat
Aim: a bat (moderately wounded, 100% to hit)
The magic dart hits the quokka but does no damage.
The quokka bites you.
You die...

#.# #..#
#.####..#
#.......#
#######.# #.
#.##.#♣P♣♣♣~
#.##.♣~~~~~~
#.##.P~~~~~≈
#.##.~~P~≈≈≈
#@##P~~~~~≈≈ #
#r#~~~~P~P~~
....#bg♣.~~.~~~~
..........~....~.
.................
.....#♣P~~.......
.....#~♣♣PP~~~~..
##.#### P♣~~~PP~~
#. # ~~~~♣~~


You could see a quokka, a goblin and a bat.

Vanquished Creatures
  A kobold (D:1)
  2 rats (D:1)
3 creatures vanquished.

Notes
Turn   | Place    | Note
-------+----------+-------------------------------------------
     0 | D:1      | promet the Deep Elf Hedge Wizard began the quest for the
                  | Orb.
     0 | D:1      | Reached XP level 1. HP: 10/10 MP: 7/7
   112 | D:1      | Slain by a quokka

Illustrated notes

Levels and vault maps discovered:
D:1:      nzn_arrival_depleted_hourglass, layout_loops_ring, serial_shops, shop,
          serial_bayou_ford_a

Action                   || total
-------------------------++-------
Melee: Dagger            ||     6
 Cast: Magic Dart        ||     4
 Stab: Sleeping          ||     2
Armor: Robe              ||     3
Dodge: Dodged            ||     7
